 Dungeon Crawl Stone Soup version 0.31-a0-1227-g0136665373 (webtiles) character file.

Game seed: 18314881253782354143

89 Hubris850 the Stinger (level 4, 0/34 HPs)
             Began as a Gnoll Wanderer on Dec 14, 2023.
             Succumbed to a water moccasin's poison
             ... on level 3 of the Dungeon.
             The game lasted 00:04:18 (2344 turns).

Hubris850 the Stinger (Gnoll Wanderer)              Turns: 2344, Time: 00:04:18

Health: 0/34       AC: 12    Str: 11    XL:     4   Next: 55%
Magic:  4/8        EV:  6    Int: 14    God:
Gold:   181        SH:  0    Dex: 11    Spells: 8/9 levels left

rFire   . . .        a - +0 falchion
rCold   . . .        (no shield)
rNeg    . . .        w - +2 chain mail {Will+}
rPois   .            (no helmet)
rElec   .            (no cloak)
rCorr   .            (no gloves)
SInv    .            l - +0 pair of boots
Will    +....        i - amulet of guardian spirit Stlth
                     (no ring)
HPRegen 0.25/turn    (no ring)
MPRegen 0.11/turn

%: guardian spirit
@: lethally poisoned (0 -> -11)
A: fangs 1, strong nose, distributed training
a: no special abilities


You were on level 3 of the Dungeon.
You visited 1 branch of the dungeon, and saw 3 of its levels.

You collected 181 gold pieces.

Inventory:

Hand Weapons
 a - a +0 falchion (weapon)
Armour
 b - a +0 ring mail
 l - a +0 pair of boots (worn)
 w - a +2 chain mail of willpower (worn)
Jewellery
 i - an amulet of guardian spirit (around neck)
Talismans
 x - a serpent talisman
Scrolls
 f - a scroll of noise {unknown}
 g - 2 scrolls of teleportation {unknown}
 h - a scroll of immolation {unknown}
 k - 2 scrolls of revelation {unknown}
 m - 4 scrolls of identify {unknown}
 n - a scroll of enchant weapon {unknown}
 q - a scroll of blinking {unknown}
 r - a scroll of amnesia {unknown}
 s - a scroll of enchant armour {unknown}
Potions
 c - a potion of attraction
 e - a potion of enlightenment {unknown}
 j - a potion of curing {unknown}
 o - a potion of experience {unknown}
 p - a potion of lignification {unknown}
 t - a potion of haste {unknown}
 v - a potion of brilliance


   Skills:
 + Level 2.8 Fighting
 + Level 1.2 Short Blades
 + Level 4.6 Long Blades
 + Level 1.2 Axes
 + Level 1.2 Maces & Flails
 + Level 1.2 Polearms
 + Level 1.2 Staves
 + Level 1.2 Ranged Weapons
 + Level 1.2 Throwing
 + Level 4.6 Armour
 + Level 1.2 Dodging
 + Level 1.2 Stealth
 + Level 1.2 Shields
 + Level 1.2 Unarmed Combat
 + Level 3.0 Spellcasting
 + Level 1.0 Conjurations
 + Level 1.0 Hexes
 + Level 1.0 Summonings
 + Level 1.0 Necromancy
 + Level 1.0 Translocations
 + Level 1.0 Transmutations
 + Level 1.0 Fire Magic
 + Level 1.0 Ice Magic
 + Level 1.0 Air Magic
 + Level 1.0 Earth Magic
 + Level 7.1 Poison Magic
 + Level 1.3 Invocations
 + Level 1.2 Evocations
 + Level 1.1 Shapeshifting


You had 8 spell levels left.
You knew the following spells:

 Your Spells              Type           Power      Damage    Failure   Level
a - Sting                 Tmut/Pois      52%        1d5       71%         1

Your spell library contained the following spells:

 Spells                   Type           Power      Damage    Failure   Level
 Poisonous Vapours        Pois/Air       26%        N/A       83%         2
 Slow                     Hex            16%        N/A       98%         1
 Wereblood                Tmut           4%         N/A       99%         2
 Mephitic Cloud           Conj/Pois/Air  10%        N/A       99%         3
 Confusing Touch          Hex            4%         N/A       100%        3
 Sigil of Binding         Hex            4%         N/A       100%        3
 Vampiric Draining        Necr           4%         2d6       100%        3
 Irradiate                Conj/Tmut      2%         3d12      100%        5


Dungeon Overview and Level Annotations

Branches:
Dungeon (3/15)

Altars:


Innate Abilities, Weirdness & Mutations

You have very sharp teeth.
Your uncanny sense of smell can sniff out nearby items.
Your experience applies equally to all skills.


Message History

You feel sick. The water moccasin bites you.
You barely miss the water moccasin. Your bite misses the water moccasin.
The water moccasin is moderately wounded.
You feel sick.
The water moccasin bites you but does no damage.
The water moccasin bites you.
You hit the water moccasin.
The water moccasin is heavily wounded.
You feel sick.
The water moccasin bites you but does no damage.
You closely miss the water moccasin. Your bite misses the water moccasin.
The water moccasin is heavily wounded.
You feel sick. The water moccasin closely misses you.
The water moccasin bites you but does no damage.
You barely miss the water moccasin.
The water moccasin is heavily wounded.
You feel sick. The water moccasin barely misses you.
You hit the water moccasin.
The water moccasin is heavily wounded.
You feel sick. The water moccasin bites you.
* * * LOW HITPOINT WARNING * * *
The water moccasin barely misses you.
You closely miss the water moccasin. Your bite misses the water moccasin.
The water moccasin is heavily wounded.
You feel sick.
You are no longer poisoned.
The water moccasin bites you but does no damage.
The water moccasin bites you.
You are lethally poisoned!
The water moccasin poisons you!
It was a potion of brilliance.
You feel clever all of a sudden.
* * * LOW HITPOINT WARNING * * *
You feel very sick. The water moccasin barely misses you.
It was a potion of cancellation.
Your magical effects are unravelling.
You feel magically purged.
You feel a little less clever now.
You die...

#.#.##.# #.#. #.#.##.###.#.
#..........). ###.#......#.
#.#.######. #.#.# #. #.#.# #.
##### #.#.# #.
############@S(# #.#.######.
# #............#.#
##.........# #
#.##########.................
## #.# ##########........ .##
#.# ####..### ..###.# #..#
......# #..# ..##### ##..#
.## ##.#.#


You could see a water moccasin.

Vanquished Creatures
  4 adders (D:2)
  A worm (D:3)
  2 dart slugs
  3 ball pythons
  8 endoplasms
  2 giant cockroaches
  4 goblins
  4 hobgoblins
  3 quokkas (D:2)
  3 bats (D:1)
  A frilled lizard (D:3)
  6 kobolds
  2 rats
43 creatures vanquished.

Notes
Turn   | Place    | Note
-------+----------+-------------------------------------------
     0 | D:1      | Hubris850 the Gnoll Wanderer began the quest for the Orb.
     0 | D:1      | Hubris850 set off with the following items: a +0 falchion,
                  | a +0 ring mail, a potion of attraction; and the following
                  | spell memorised: Sting; and the following spells available
                  | to memorise: Poisonous Vapours, Mephitic Cloud.
     0 | D:1      | Reached XP level 1. HP: 17/17 MP: 4/4
   156 | D:1      | Reached XP level 2. HP: 23/23 MP: 3/5
  1144 | D:2      | Reached XP level 3. HP: 17/28 MP: 2/7
  1338 | D:2      | Reached skill level 1 in Invocations
  1455 | D:2      | Reached skill level 1 in Short Blades
  1455 | D:2      | Reached skill level 1 in Axes
  1455 | D:2      | Reached skill level 1 in Maces & Flails
  1455 | D:2      | Reached skill level 1 in Polearms
  1455 | D:2      | Reached skill level 1 in Staves
  1455 | D:2      | Reached skill level 1 in Ranged Weapons
  1455 | D:2      | Reached skill level 1 in Throwing
  1455 | D:2      | Reached skill level 1 in Dodging
  1455 | D:2      | Reached skill level 1 in Stealth
  1455 | D:2      | Reached skill level 1 in Shields
  1455 | D:2      | Reached skill level 1 in Unarmed Combat
  1455 | D:2      | Reached skill level 1 in Evocations
  1569 | D:2      | Reached skill level 1 in Shapeshifting
  1569 | D:2      | Reached XP level 4. HP: 28/34 MP: 6/8
  2128 | D:3      | Reached skill level 1 in Conjurations
  2128 | D:3      | Reached skill level 1 in Hexes
  2128 | D:3      | Reached skill level 1 in Summonings
  2128 | D:3      | Reached skill level 1 in Necromancy
  2128 | D:3      | Reached skill level 1 in Translocations
  2128 | D:3      | Reached skill level 1 in Transmutations
  2128 | D:3      | Reached skill level 1 in Fire Magic
  2128 | D:3      | Reached skill level 1 in Ice Magic
  2128 | D:3      | Reached skill level 1 in Air Magic
  2128 | D:3      | Reached skill level 1 in Earth Magic
  2330 | D:3      | Noticed a water moccasin
  2344 | D:3      | Succumbed to a water moccasin's poison

Illustrated notes

Levels and vault maps discovered:
D:1:      lightli_arrival_statuegarden, layout_loops_ring, serial_rivers,
          chequers_serial_rivers_room_a, chequers_serial_rivers_room_a,
          chequers_serial_rivers_micro_b, chequers_serial_rivers_micro_e,
          chequers_serial_rivers_large_b, minmay_tetromino_l2
D:2:      layout_basic, kennysheep_generic_room_2
D:3:      layout_loops_ring, hellmonk_ecumenical_altar_inner_sanctum

Skill      XL: |  1  2  3  4 |
---------------+-------------+-----
Invocations    | 1 |  1.3
Short Blades   | 1 |  1.2
Axes           | 1 |  1.2
Maces & Flails | 1 |  1.2
Polearms       | 1 |  1.2
Staves         | 1 |  1.2
Ranged Weapons | 1 |  1.2
Throwing       | 1 |  1.2
Dodging        | 1 |  1.2
Stealth        | 1 |  1.2
Shields        | 1 |  1.2
Unarmed Combat | 1 |  1.2
Evocations     | 1 |  1.2
Shapeshifting  | 1 |  1.1
Spellcasting   | 3 |  3.0
Conjurations   | 1 |  1.0
Hexes          | 1 |  1.0
Summonings     | 1 |  1.0
Necromancy     | 1 |  1.0
Translocations | 1 |  1.0
Transmutations | 1 |  1.0
Fire Magic     | 1 |  1.0
Ice Magic      | 1 |  1.0
Air Magic      | 1 |  1.0
Earth Magic    | 1 |  1.0
Fighting       | |  2.8
Long Blades    | |  4.6
Armour         | |  4.6
Poison Magic   | |  7.1

Action                     |  1- 3 |  4- 6 || total
---------------------------+-------+-------++-------
  Melee: Falchion          |    91 |    81 ||   172
         Bite              |     5 |     6 ||    11
         Punch             |     2 |     3 ||     5
  Throw: Throwing net      |       |     2 ||     2
   Cast: Sting             |    30 |     3 ||    33
    Use: Potion            |       |     2 ||     2
 Armour: Ring mail         |    67 |    18 ||    85
         Chain mail        |       |    32 ||    32
  Dodge: Dodged            |    47 |    35 ||    82

Table legend: (Time is in decaauts)
 A = Elapsed time spent in this place.
 B = Non-inter-level travel time spent in this place.
 C = Inter-level travel time spent in this place.
 D = Time resting spent in this place.
 E = Time spent auto-exploring this place.
 F = Levels seen in this place.
 G = Mean time per level.
                   A        B        C        D        E       F      G
               +--------+--------+--------+--------+--------+-----+--------+
         Total |   2387 |   2332 |     55 |     66 |   1837 |   3 |  795.7 |
       Dungeon |   2387 |   2332 |     55 |     66 |   1837 |   3 |  795.7 |
               +--------+--------+--------+--------+--------+-----+--------+

Top non-repeatable levels by time:
     D:1: 1114 daAuts
     D:2: 960 daAuts
     D:3: 312 daAuts
